 Dungeon Crawl Stone Soup version 0.19.0-16-g73b5abf (webtiles) character file.

66 Leibowitz the Poker (level 4, -2/51 HPs)
             Began as a Merfolk Gladiator on Nov 10, 2016.
             Slain by an orc
             ... wielding a +0 falchion
              (6 damage)
             ... on level 3 of the Dungeon.
             The game lasted 00:03:32 (1283 turns).

Leibowitz the Poker (Merfolk Gladiator)             Turns: 1283, Time: 00:03:32

Health: -2/51      AC:  4    Str: 20    XL:     4   Next: 15%
Magic:  4/4        EV: 14    Int:  7    God:
Gold:   41         SH:  0    Dex: 15    Spells: 0 memorised, 3 levels left

rFire  . . .     SeeInvis .     a - +0 trident
rCold  . . .     Gourm    .     b - +0 leather armour
rNeg   . . .     Faith    .     (no shield)
rPois  .         Spirit   .     c - +0 helmet
rElec  .         Reflect  .     (no cloak)
rCorr  .         Harm     .     (no gloves)
MR     .....                    (no boots)
Stlth  ..........               (no amulet)
                                (no ring)
                                (no ring)

@: berserking, very quick
A: change form in water, swift swim, stealthy swim, screaming 1, no device heal
1, subdued magic 1
a: no special abilities


You were on level 3 of the Dungeon.
You were not hungry.

You visited 1 branch of the dungeon, and saw 3 of its levels.

You collected 41 gold pieces.

Inventory:

Hand Weapons
 a - a +0 trident (weapon)
Missiles
 d - 3 throwing nets (quivered)
Armour
 b - a +0 leather armour (worn)
 c - a +0 helmet (worn)
Wands
 k - a wand of disintegration (8/24)
Scrolls
 e - a scroll of blinking {unknown}
 g - 3 scrolls of fear {unknown}
 i - a scroll of enchant armour {unknown}
 l - a scroll of random uselessness {unknown}
 m - a scroll of enchant weapon {unknown}
 o - 2 scrolls of remove curse {unknown}
 q - a scroll of identify {unknown}
Comestibles
 f - a bread ration
 p - a chunk of flesh


   Skills:
 + Level 2.7 Fighting
 + Level 6.0 Polearms
 + Level 2.0 Throwing
 + Level 0.4 Armour
 + Level 4.5 Dodging
 + Level 0.2 Stealth


You had 3 spell levels left.
You didn't know any spells.

Dungeon Overview and Level Annotations

Branches:
Dungeon (3/15)

Altars:


Innate Abilities, Weirdness & Mutations

You revert to your normal form in water.
You are very nimble and swift while swimming.
You are very stealthy in the water. (Stealth+)
You occasionally shout uncontrollably at your foes.
Potions and wands are less effective at restoring your health.
Your spells are a little easier to cast, but a little less powerful.


Message History

A magic dart appears from out of thin air!
The magic dart hits you!
* * * LOW HITPOINT WARNING * * *
An orc comes into view. It is wielding a falchion.
The orc shouts!
You hit something. The orc hits you with a flail.
* * * LOW HITPOINT WARNING * * *
Something hits you but does no damage.
You barely miss something.
The orc moves out of view.
You closely miss something. The orc closely misses you.
Something barely misses you.
You puncture something!
Reactivating autopickup.
You have reached level 4!
You feel a bit more experienced. The orc misses you.
You puncture the orc!
You kill the orc!
Your Polearms skill increases to level 6!
You barely miss the orc. The orc hits you with a falchion.
You die... oo#

#.# ######### #o#
..##.......# #..
.........#.# #o#
.........#.###.# ..
.............#.###....
.......##.##.#@#........
#.............)o.#......
#...#.##...........#####
#.#...#.##..##.#.#####
#.#.....##.......#
#.....<.##.#.#.#.#
......#.##.#.#.#...
#.#.......#.#......
##.####.####.###..##


You could see an orc.

Vanquished Creatures
  An orc wizard (D:3)
  A worm (D:2)
  A dart slug (D:1)
  2 orcs (D:3)
  A giant cockroach (D:3)
  4 goblins
  4 hobgoblins
  4 jackals (D:2)
  A quokka (D:2)
  2 bats
  7 frilled lizards
  2 kobolds (D:1)
  5 rats
35 creatures vanquished.

Notes
Turn   | Place    | Note
-------+----------+-------------------------------------------
     0 | D:1      | Leibowitz the Merfolk Gladiator began the quest for the Orb.
     0 | D:1      | Reached XP level 1. HP: 16/16 MP: 1/1
   116 | D:1      | Reached XP level 2. HP: 8/22 MP: 2/2
   359 | D:1      | Reached skill level 5 in Polearms
   842 | D:2      | Reached XP level 3. HP: 28/28 MP: 3/3
  1274 | D:3      | Gained mutation: Potions and wands are less effective at restoring your health. [potion of mutation]
  1274 | D:3      | Gained mutation: You occasionally shout uncontrollably at your foes. [potion of mutation]
  1274 | D:3      | Gained mutation: Your spells are a little easier to cast, but a little less powerful. [potion of mutation]
  1281 | D:3      | Reached XP level 4. HP: 4/34 MP: 4/4
  1282 | D:3      | Reached skill level 6 in Polearms
  1283 | D:3      | Slain by an orc

Skill      XL: |  1  2  3  4 |
---------------+-------------+-----
Polearms       | 5 6 |  6.0
Fighting       | |  2.7
Throwing       | |  2.0
Armour         | |  0.4
Dodging        | |  4.5
Stealth        | |  0.2

Action                   |  1- 3 |  4- 6 || total
-------------------------+-------+-------++-------
Melee: Trident           |   121 |     2 ||   123
  Use: Potion            |     3 |       ||     3
 Stab: Sleeping          |     1 |       ||     1
  Eat: Chunk             |     1 |       ||     1
Armor: Leather armour    |    20 |       ||    20
Dodge: Dodged            |    69 |     1 ||    70
